 Dungeon Crawl Stone Soup version 0.29-a0-563-g64e4043184 (webtiles) character file.

Game seed: 408320538117379901

147 frimble the Shield-Bearer (level 5, -7/46 HPs)
             Began as a Meteoran Fighter on June 12, 2022.
             Was an Initiate of Okawaru.
             Mangled by a gnoll
             ... wielding a +0 halberd
              (8 damage)
             ... on level 5 of the Dungeon.
             The game lasted 00:03:39 (1322 turns).

frimble the Shield-Bearer (Meteoran Fighter)        Turns: 1322, Time: 00:03:39

Health: -7/46      AC: 12    Str: 17    XL:     5   Next: 85%
Magic:  6/7        EV: 12    Int: 12    God:    Okawaru [......]
Gold:   96         SH:  7    Dex: 19    Spells: 4/4 levels left

rFire   . . .      SeeInvis .   a - +0 war axe
rCold   . . .      Faith    .   c - +0 buckler
rNeg    . . .      Spirit   .   b - +0 scale mail
rPois   .          Reflect  .   g - +1 helmet
rElec   .          Harm     .   (no cloak)
rCorr   .          Rampage  .   (no gloves)
Will    .....                   n - +0 pair of boots
Stlth   +.........              l - amulet of magic regeneration
HPRegen 0.15/turn               o - +6 ring of dexterity
MPRegen 0.50/turn               (no ring)

@: about to teleport, heroic, glowing
A: sense surroundings 1, otherworldly, glowing, explore regen
a: Renounce Religion


You were on level 5 of the Dungeon.
You worshipped Okawaru.
Okawaru was noncommittal.
You visited 2 branches of the dungeon, and saw 6 of its levels.

You collected 96 gold pieces.

Inventory:

Hand Weapons
 a - a +0 war axe (weapon)
Armour
 b - a +0 scale mail (worn)
 c - a +0 buckler (worn)
 g - a +1 helmet (worn)
 n - a +0 pair of boots (worn)
Jewellery
 l - an amulet of magic regeneration (around neck)
 o - a +6 ring of dexterity (left hand)
Scrolls
 i - a scroll of fog
Potions
 d - a potion of might
 f - 2 potions of ambrosia
 h - a potion of invisibility {unknown}
 j - a potion of curing
 k - a potion of heal wounds {unknown}


   Skills:
 + Level 4.2(9.2) Fighting
 + Level 3.8(8.8) Axes
 - Level 4.0(9.0) Armour
 + Level 0.4(5.4) Dodging
 + Level 4.7(9.7) Shields
 + Level 2.1 Invocations


You had 4 spell levels left.
You didn't know any spells.
Your spell library contained the following spells:

 Spells                   Type           Power      Damage    Failure   Level
 Portal Projectile        Hex/Tloc       0%         N/A       98%         3
 Blade Hands              Tmut           0%         N/A       100%        5
 Tukima's Dance           Hex            Unusable   N/A       N/A         3

Dungeon Overview and Level Annotations

Branches:
Dungeon (5/15)             Temple (1/1) D:4

Altars:
Ashenzari
Cheibriados
Elyvilon
Gozag
Hepliaklqana
Makhleb
Okawaru
Qazlal
Ru
Sif Muna
Trog
Wu Jian
Xom

Annotations:
D:3 gnoll manual
D:4 1 transporter, turdburglar's ghost, amateur GnIE
D:5 Prince Ribbit


Innate Abilities, Weirdness & Mutations

You passively map a small area around you.
You are easily found by Zot.
You glow in the dark.
You regain HP and MP as you explore.


Message History

You feel sick.
You are no longer poisoned.
The gnoll misses you. You block the ogre's attack.
You block the gnoll's attack.
You hit the ogre.
The ogre is lightly wounded.
The gnoll barely misses you.
You hit the ogre.
The ogre is moderately wounded.
The ogre barely misses you. You block the gnoll's attack.
You hit the ogre.
The ogre is moderately wounded.
The ogre misses you. The gnoll closely misses you.
You hit the ogre.
The ogre is moderately wounded.
You feel like a meek peon again. The gnoll barely misses you.
You barely miss the ogre.
The ogre is moderately wounded.
You block the ogre's attack.
The gnoll hits you from afar with a +0 halberd.
You aren't carrying any items that you can evoke.
Unknown command.
Okay, then.
Okay, then.
Unknown command.
You gain the combat prowess of a mighty hero.
You can no longer gain great but temporary skills.
The ogre barely misses you. You block the gnoll's attack.
You slash the ogre!
The ogre is severely wounded.
The gnoll barely misses you.
The ogre hits you with a +0 giant spiked club!!
Ouch! That really hurt!
* * * LOW HITPOINT WARNING * * *
Okay, then.
As you read the scroll of teleportation, it crumbles to dust.
You feel strangely unstable.
The gnoll hits you from afar with a +0 halberd!
You die...

#.# , , ,
##.# , *
#..# , #
##.# * .#
#.# , ...
#.#**,...
,,
#.#*,n.,,
**
##.##g#
***
#..@O.#,
, ,
#####.# ,
, * #,,,
* * , , ,
* * *


You could see an ogre, a necrophage and a gnoll.

Vanquished Creatures
  A necrophage (D:4)
  2 gnolls (D:5)
  2 adders (D:5)
  A dart slug (D:1)
  4 bats (D:1)
  2 endoplasms (D:1)
  3 hobgoblins
  2 jackals (D:5)
  2 quokkas
  4 ball pythons
  2 frilled lizards (D:2)
  7 goblins
  7 kobolds
  5 rats
44 creatures vanquished.

Notes
Turn   | Place    | Note
-------+----------+-------------------------------------------
     0 | D:1      | frimble the Meteoran Fighter began the quest for the Orb.
     0 | D:1      | Reached XP level 1. HP: 19/19 MP: 2/2
    91 | D:1      | Reached XP level 2. HP: 9/26 MP: 3/3
   391 | D:1      | Reached XP level 3. HP: 31/31 MP: 4/4
   478 | D:1      | Glimpsed the power of Zot.
   713 | D:3      | Found a stormy altar of Qazlal.
   804 | D:4      | Found a transporter.
   847 | D:4      | Found a staircase to the Ecumenical Temple.
   856 | Temple   | Entered the Ecumenical Temple
   903 | Temple   | Became a worshipper of Warmaster Okawaru
   957 | D:4      | Found a burning altar of Makhleb.
   980 | D:4      | Noticed a necrophage
   988 | D:4      | Killed a necrophage
   988 | D:4      | Reached * piety under Okawaru
   989 | D:4      | Reached skill level 1 in Invocations
   989 | D:4      | Reached XP level 4. HP: 31/40 MP: 4/6
   989 | D:4      | Reached XP level 5. HP: 35/46 MP: 4/7
  1001 | D:4      | Noticed turdburglar's ghost (amateur GnIE)
  1079 | D:4      | Found a bloodstained altar of Trog.
  1113 | D:5      | Entered Level 5 of the Dungeon
  1200 | D:5      | Noticed Prince Ribbit
  1236 | D:5      | Found a shimmering altar of Xom.
  1311 | D:5      | Noticed an ogre
  1312 | D:5      | Noticed a necrophage
  1321 | D:5      | HP: 1/46 [ogre/+0 giant spiked club (27)]
  1322 | D:5      | Mangled by a gnoll

Illustrated notes

Levels and vault maps discovered:
D:1:      dpeg_arrival_round_a, layout_loops_corners, serial_shops, shop,
          kennysheep_small_spiral
D:2:      layout_basic, basic_altar, grunt_ministairs_6,
          ebering_dispersal_statue_hall, kennysheep_nondescript
D:3:      layout_loops_ring, nicolae_overflow_squiral,
          gammafunk_ghost_gnarly_gnolls
D:4:      layout_rooms, lemuel_tele_altar, lemuel_coloured_pillars_altar,
          lemuel_round_altar, minmay_temple_entry_fiery,
          gammafunk_ghost_stat_death
D:5:      nicolae_cairo_tiling, layout_basic, vehumet_statue,
          overflow_temple_1_default, uniq_prince_ribbit1, uniq_edmund,
          uniq_pikel
Temple:   kb_temple_of_zot

Skill      XL: |  1  2  3  4  5 |
---------------+----------------+-----
Shields        | 4 |  4.7
Axes           | 3 |  3.8
Armour         | 4 |  4.0
Fighting       | 4 |  4.2
Invocations    | 1 2 |  2.1
Dodging        | |  0.4

Action                   |  1- 3 |  4- 6 || total
-------------------------+-------+-------++-------
Melee: War axe           |    91 |    64 ||   155
Invok: Heroism           |       |     3 ||     3
  Use: Scroll            |     4 |     3 ||     7
Armor: Scale mail        |    55 |    35 ||    90
Dodge: Dodged            |    35 |    33 ||    68
Block: Buckler           |    22 |    17 ||    39

Table legend: (Time is in decaauts)
 A = Elapsed time spent in this place.
 B = Non-inter-level travel time spent in this place.
 C = Inter-level travel time spent in this place.
 D = Time resting spent in this place.
 E = Time spent auto-exploring this place.
 F = Levels seen in this place.
 G = Mean time per level.
                   A        B        C        D        E       F      G
               +--------+--------+--------+--------+--------+-----+--------+
         Total |   1374 |   1258 |    116 |      0 |    781 |   6 |  229.0 |
       Dungeon |   1292 |   1210 |     82 |      0 |    748 |   5 |  258.4 |
        Temple |     81 |     47 |     34 |      0 |     33 |   1 |   81.0 |
               +--------+--------+--------+--------+--------+-----+--------+

Top non-repeatable levels by time:
     D:1: 514 daAuts
     D:4: 241 daAuts
     D:5: 217 daAuts
     D:3: 165 daAuts
     D:2: 152 daAuts
  Temple: 81 daAuts
